 Dungeon Crawl Stone Soup version 0.24-a0-333-g864f2b5 (webtiles) character file.

Game seed: 12418099964789606084

20272 Borgoz the Slicer (level 13, -12/90 HPs)
             Began as a Halfling Fighter on May 17, 2019.
             Was a High Priest of Dithmenos.
             Mangled by Frances
             ... wielding a +0 mace
              (23 damage)
             ... on level 13 of the Dungeon.
             The game lasted 00:40:00 (17662 turns).

Borgoz the Slicer (Halfling Fighter)               Turns: 17662, Time: 00:40:01

Health: -12/90     AC: 11    Str: 16    XL:     13   Next: 11%
Magic:  0/16       EV: 20    Int:  4    God:    Dithmenos [*****.]
Gold:   539        SH:  0    Dex: 23    Spells: 12/12 levels left

rFire    . . .     SeeInvis .   a - +5 quick blade (freeze)
rCold    . . .     Gourm    .   (shield restricted)
rNeg     . . .     Faith    .   N - +0 scale mail
rPois    +         Spirit   +   J - +0 helmet
rElec    +         Reflect  .   C - scarf {repulsion}
rCorr    .         Harm     .   (no gloves)
MR       +....                  v - +0 pair of boots
Stlth    ++++......             p - amulet of guardian spirit
HPRegen  0.25/turn              I - ring of poison resistance
MPRegen  0.15/turn              z - ring "Acwuo" {rElec MR+ Int-2 Dex+5}

@: about to teleport, wreathed by umbra, repel missiles
A: small, mutation resistance 1, weak 1
a: Shadow Step, Shadow Form, Renounce Religion


You were on level 13 of the Dungeon.
You worshipped Dithmenos.
Dithmenos was extremely pleased with you.
You were not hungry.

You visited 3 branches of the dungeon, and saw 15 of its levels.

You collected 777 gold pieces.
You spent 238 gold pieces at shops.

Inventory:

Hand Weapons
 a - a +5 quick blade of freezing (weapon)
 b - a +4 rapier of holy wrath
 K - a +1 rapier
Armour
 v - a +0 pair of boots (worn)
 x - a +2 troll leather armour
 C - a scarf of repulsion (worn)
 J - a +0 helmet (worn)
 N - a +0 scale mail (worn)
Jewellery
 d - an uncursed amulet of faith
 j - a +2 ring of evasion
 p - an amulet of guardian spirit (around neck)
 s - an uncursed ring of protection from magic
 y - an uncursed ring of fire
 z - the ring "Acwuo" (right hand) {rElec MR+ Int-2 Dex+5}
   (You found it on level 4 of the Dungeon)

   [ring of intelligence]

   It affects your intelligence (-2).
   It affects your dexterity (+5).
   It insulates you from electricity.
   It affects your resistance to hostile enchantments.
 B - an uncursed ring of see invisible
 D - an uncursed ring of wizardry
 I - a ring of poison resistance (left hand)
Wands
 g - a wand of digging (8)
 q - a wand of polymorph (4)
 t - a wand of enslavement (10)
 E - a wand of random effects (5)
Scrolls
 e - 6 scrolls of enchant weapon
 i - a scroll of teleportation
 k - 2 scrolls of amnesia
 n - 2 scrolls of fog
 o - 3 scrolls of blinking
 r - 6 scrolls of remove curse
 u - 3 scrolls of magic mapping
 A - a scroll of fear
 G - a scroll of summoning {unknown}
Potions
 m - a potion of flight
 w - 3 potions of magic
Comestibles
 f - 14 rations


   Skills:
 * Level 9.3 Fighting
 * Level 11.3 Short Blades
 * Level 10.9 Armour
 * Level 10.1 Dodging
 + Level 6.9 Stealth
   Level 3.3 Shields
 + Level 5.2 Invocations
 + Level 4.7 Evocations


You had 12 spell levels left.
You didn't know any spells.
Your spell library contained the following spells:

 Spells                   Type           Power        Failure   Level  Hunger
 Freeze                   Ice            #...         85%         1    ##.....
 Shock                    Conj/Air       #...         85%         1    ##.....
 Sting                    Conj/Pois      #...         85%         1    ##.....
 Poisonous Vapours        Pois/Air       #.....       94%         2    ###....
 Swiftness                Chrm/Air       #.......     94%         2    ###....
 Throw Frost              Conj/Ice       #.....       94%         2    ###....
 Mephitic Cloud           Conj/Pois/Air  #.......     99%         3    ####...
 Ozocubu's Armour         Chrm/Ice       #.......     99%         3    ####...
 Static Discharge         Conj/Air       #.......     99%         3    ####...
 Airstrike                Air            #.........   100%        4    #####..
 Olgreb's Toxic Radiance  Pois           #.......     100%        4    #####..
 Summon Ice Beast         Ice/Summ       #.......     100%        4    #####..
 Throw Icicle             Conj/Ice       #.......     100%        4    #####..
 Lightning Bolt           Conj/Air       #.........   100%        5    ######.
 Venom Bolt               Conj/Pois      #.........   100%        5    ######.


Dungeon Overview and Level Annotations

Branches:
Dungeon (13/15)            Temple (1/1) D:7            Lair (1/6) D:10
    Orc (0/2) D:10
 Vaults: D:13-14

Altars:
Ashenzari
Cheibriados
Dithmenos
Elyvilon
Fedhas
Gozag
Hepliaklqana
Kikubaaqudgha
Makhleb
Nemelex Xobeh
Okawaru
Qazlal
Ru
Sif Muna
Trog
Uskayaw
Vehumet
Wu Jian
Xom
Yredelemnul
Zin
The Shining One

Shops:
D:5 [   D:6 :   D:8 (

Annotations:
D:13 Frances


Innate Abilities, Weirdness & Mutations

You are small and have problems with some larger weapons.
You are somewhat resistant to further mutation.
You are weak. (Str -2)


Message History

Frances is heavily wounded.
Frances says, "I have seen worlds and universes beyond all imagining."
Frances closely misses you.
You barely miss Frances.
Frances is heavily wounded.
Your shadow barely misses Frances.
You hit Frances. You freeze Frances.
Frances is heavily wounded.
You hit Frances. You freeze Frances.
Frances is heavily wounded.
Frances barely misses you.
The soul eater draws from the surrounding life force!
* * * LOW HITPOINT WARNING * * *
The chaos spawn closely misses you.
You hit Frances. You freeze Frances.
Frances is severely wounded.
You barely miss Frances.
Frances is severely wounded.
Frances hits you with a +0 mace!!
You die...

# #####+####### #######
#...........#
.......###...........####
.......#@'.......<...'...
......3@4#...........####
.......###.........>.#
....... #...........#
....... #...........#
....... #...........#
.!..... ##########+##
#+#####


You could see Frances, a soul eater and a chaos spawn.

Vanquished Creatures
  Josephine (D:10)
  A centaur warrior (D:13)
  An unseen horror (D:12)
  A deep elf mage (D:12)
  2 ugly things (D:12)
  2 manticores
  An elephant (D:10)
  5 centaur skeletons
  A komodo dragon (D:10)
  A freezing wraith (D:11)
  A hornet (D:12)
  A queen bee (D:12)
  3 trolls
  3 meliai (D:12)
  A meliai zombie (D:12)
  Sigmund (D:3)
  A hippogriff (D:10)
  5 wraiths
  A tarantella (shapeshifter) (D:12)
  A wyvern (D:9)
  A human (D:8)
  2 basilisks (D:10)
  20 yaks
  Grum (D:11)
  A hungry ghost (D:11)
  A soldier ant (D:12)
  An acid dragon (D:13)
  Duvessa (D:4)
  Purgy (D:3)
  4 ice beasts
  9 orc warriors
  A black bear (D:6)
  A sky beast (D:7)
  A phantom (D:8)
  8 ogres
  A necrophage (D:9)
  6 centaurs
  3 wolves (D:11)
  A crocodile (D:11)
  6 big kobolds
  6 bullfrogs
  Dowan (D:4)
  2 scorpions
  20 killer bees
  8 wights (D:12)
  3 vampire bats (D:3)
  6 crimson imps
  2 bullfrog zombies
  5 centaur zombies
  6 hounds
  A quasit (D:11)
  4 orc priests
  A gnoll shaman (D:9)
  2 jellies
  11 orc wizards
  A bullfrog skeleton (D:4)
  3 iguanas
  13 worker ants
  3 hound skeletons
  A worker ant zombie (D:10)
  7 gnolls
  9 adders
  5 shadow imps
  3 oozes
  An adder skeleton (D:4)
  2 worms (D:2)
  2 dart slugs
  3 leopard geckos
  52 orcs
  A bat skeleton (D:3)
  4 bat zombies (D:3)
  8 goblins
  8 hobgoblins
  6 jackals
  46 kobolds
  4 quokkas
  A ball python (D:3)
  8 bats
  A frilled lizard (D:1)
  A leopard gecko zombie (D:6)
  A quokka skeleton (D:5)
  11 rats
387 creatures vanquished.

Vanquished Creatures (others)
  3 fungi (D:10)
  2 plants (D:10)
5 creatures vanquished.

Grand Total: 392 creatures vanquished

Notes
Turn   | Place    | Note
-------+----------+-------------------------------------------
     0 | D:1      | Borgoz the Halfling Fighter began the quest for the Orb.
     0 | D:1      | Reached XP level 1. HP: 15/15 MP: 1/1
    83 | D:1      | Reached XP level 2. HP: 8/20 MP: 2/2
   474 | D:1      | Reached XP level 3. HP: 22/25 MP: 3/3
   477 | D:1      | Reached skill level 1 in Stealth
   508 | D:1      | Reached skill level 3 in Short Blades
   526 | D:1      | Reached skill level 1 in Dodging
  1028 | D:2      | Reached XP level 4. HP: 29/31 MP: 4/4
  1524 | D:2      | Reached XP level 5. HP: 36/36 MP: 5/5
  2091 | D:2      | Found a white marble altar of Elyvilon.
  2091 | D:2      | Found a blossoming altar of Fedhas.
  2321 | D:3      | Found a radiant altar of Vehumet.
  2562 | D:3      | Noticed Sigmund
  2585 | D:3      | Killed Sigmund
  2585 | D:3      | Reached skill level 4 in Short Blades
  2585 | D:3      | Reached XP level 6. HP: 9/43 MP: 3/6
  2879 | D:3      | Found a shattered altar of Ashenzari.
  2997 | D:3      | Found an ancient bone altar of Kikubaaqudgha.
  3010 | D:3      | Reached XP level 7. HP: 40/48 MP: 4/7
  3248 | D:3      | Noticed Purgy
  3274 | D:3      | Killed Purgy
  3274 | D:3      | Reached skill level 5 in Armour
  3532 | D:4      | Found a glowing golden altar of the Shining One.
  3597 | D:4      | Reached skill level 5 in Short Blades
  3961 | D:4      | Noticed Duvessa
  3961 | D:4      | Noticed Dowan
  3992 | D:4      | Killed Duvessa
  3992 | D:4      | Reached XP level 8. HP: 30/54 MP: 2/8
  4500 | D:4      | Killed Dowan
  4641 | D:4      | Got a flickering lead ring
  4895 | D:5      | Entered Level 5 of the Dungeon
  5211 | D:5      | Found Lainen's Armour Shop.
  5221 | D:5      | Identified the cursed ring "Acwuo" {rElec MR+ Int-2 Dex+5}
                  | (You found it on level 4 of the Dungeon)
  5414 | D:5      | Reached skill level 5 in Fighting
  6112 | D:6      | Found a shimmering altar of Xom.
  6113 | D:6      | Found a basalt altar of Yredelemnul.
  6148 | D:6      | Reached skill level 6 in Short Blades
  6169 | D:6      | Found Izutuxz Ughe's Book Shoppe.
  6330 | D:6      | Found a burning altar of Makhleb.
  6330 | D:6      | Noticed a blizzard demon
  6334 | D:6      | Noticed a smoke demon
  6334 | D:6      | Noticed an orange demon
  6370 | D:6      | Reached skill level 5 in Dodging
  6370 | D:6      | Reached XP level 9. HP: 34/61 MP: 6/9
  6695 | D:6      | Found a snail-covered altar of Cheibriados.
  7027 | D:7      | Noticed a manticore
  7072 | D:6      | Killed a manticore
  7072 | D:6      | Reached skill level 7 in Short Blades
  8276 | D:7      | Found a staircase to the Ecumenical Temple.
  8301 | Temple   | Entered the Ecumenical Temple
  8405 | Temple   | Became a worshipper of Dithmenos the Shadowed
  8513 | D:7      | Reached XP level 10. HP: 68/68 MP: 10/10
  8515 | D:7      | Reached skill level 5 in Stealth
  8940 | D:8      | Reached skill level 8 in Short Blades
  8940 | D:8      | Reached skill level 1 in Invocations
  8952 | D:8      | Reached skill level 1 in Evocations
  9106 | D:8      | Found an opulent altar of Gozag.
  9131 | D:8      | Reached * piety under Dithmenos
 10038 | D:8      | Found Fekoleme's Antique Weapon Shoppe.
 10046 | D:8      | Bought a glowing rapier for 238 gold pieces
 10569 | D:9      | Reached skill level 9 in Short Blades
 10650 | D:9      | Gained mutation: You are weak. (Str -2) [potion of
                  | mutation]
 10660 | D:9      | Reached XP level 11. HP: 45/74 MP: 5/12
 10689 | D:9      | Reached ** piety under Dithmenos
 11135 | D:9      | Found a shattered altar of Ashenzari.
 11247 | D:10     | Entered Level 10 of the Dungeon
 11616 | D:10     | Noticed Josephine
 11640 | D:10     | Killed Josephine
 11643 | D:10     | Noticed an elephant
 11966 | D:11     | Identified a scroll of acquirement
 11975 | D:11     | Noticed a death knight
 12159 | D:11     | Noticed a manticore
 12186 | D:11     | Killed a manticore
 12458 | D:11     | Reached *** piety under Dithmenos
 12877 | D:10     | Reached skill level 10 in Short Blades
 13017 | D:10     | Reached XP level 12. HP: 21/82 MP: 7/15
 13152 | D:10     | Found a staircase to the Lair.
 13350 | D:10     | Reached **** piety under Dithmenos
 13789 | D:10     | Found a staircase to the Orcish Mines.
 13888 | Lair:1   | Entered Level 1 of the Lair of Beasts
 13904 | Lair:1   | Noticed a six-headed hydra
 13959 | D:10     | Reached skill level 10 in Armour
 14611 | D:11     | Noticed Grum
 14671 | D:11     | Killed Grum
 15965 | D:12     | Reached skill level 11 in Short Blades
 16301 | D:12     | Noticed an unseen horror
 16315 | D:12     | Killed an unseen horror
 16397 | D:12     | Reached ***** piety under Dithmenos
 16731 | D:12     | Reached skill level 5 in Invocations
 17088 | D:13     | Noticed a centaur warrior
 17100 | D:13     | Killed a centaur warrior
 17100 | D:13     | Reached skill level 10 in Dodging
 17100 | D:13     | Reached XP level 13. HP: 76/90 MP: 14/16
 17629 | D:13     | Noticed Frances
 17662 | D:13     | Mangled by Frances

Levels and vault maps discovered:
D:1:      minmay_arrival_stair_chambers, layout_rooms, minmay_pentomino_z2
D:2:      layout_basic, amethyst_overflow_temple_binary, serial_park_tiny_2
D:3:      layout_loops_ring, kennysheep_vampire_church, fiery_altar_vehumet,
          minmay_liquid_box, evilmike_ruin_ashenzari, uniq_sigmund, uniq_purgy
D:4:      layout_loops_corners, nicolae_tso_swordbearing_angel, first_ration,
          bh_walls_and_bars, uniq_duvessa
D:5:      layout_basic, serial_shops, shop
D:6:      layout_basic, lemuel_round_altar, makhleb_altar_promises_db,
          minitemple, serial_shops, shop
D:7:      layout_loops_ring, minmay_temple_entry_nine_rooms
D:8:      layout_layer_cave, nicolae_gozag_seed_capital, serial_shops, shop,
          grunt_pizzeria
D:9:      layout_roguey, lemuel_doored_altar, minmay_fractal_squares_5
D:10:     layout_roguey [special_room_orc], david_lair_generic, orc_0_dummy,
          kennysheep_another_room, uniq_josephine
D:11:     layout_basic, uniq_grum
D:12:     layout_cave_pools, special_room [special_room_bee],
          kennysheep_small_circle
D:13:     layout_roguey, uniq_urug, uniq_frances
Temple:   jpeg_temple_clearing
Lair:1:   layout_gridlike, serial_bayou_shore_b, uniq_erica

Skill      XL: |  1  2  3  4  5  6  7  8  9 10 11 12 |
---------------+-------------------------------------+-----
Stealth        | 1 2 3 4 5 6 |  6.9
Fighting       | 3 4 5 6 7 8 9 |  9.3
Short Blades   | 3 4 5 6 7 9 10 11 | 11.3
Dodging        | 1 2 3 5 6 7 8 10 | 10.1
Armour         | 4 5 6 7 8 9 10 | 10.9
Invocations    | 2 4 5 |  5.2
Evocations     | 2 3 4 |  4.7
Shields        | |  3.3

Action                   |  1- 3 |  4- 6 |  7- 9 | 10-12 | 13-15 || total
-------------------------+-------+-------+-------+-------+-------++-------
Melee: Rapier            |   111 |   148 |   239 |   516 |       ||  1014
       Dagger            |    12 |    26 |   549 |   161 |       ||   748
       Unarmed           |       |       |    16 |       |       ||    16
       Quick blade       |       |       |       |  1068 |   123 ||  1191
Throw: Throwing net      |       |     1 |     3 |     2 |       ||     6
Evoke: Wand              |       |       |       |    14 |    12 ||    26
  Use: Scroll            |     3 |     1 |     6 |    18 |     1 ||    29
       Potion            |       |     1 |     7 |     7 |     3 ||    18
 Stab: Sleeping          |       |       |     5 |    17 |       ||    22
       Held in net/web   |       |       |     3 |     1 |       ||     4
       Distracted        |       |       |       |     4 |       ||     4
       Paralysed         |       |       |       |     1 |       ||     1
  Eat: Chunk             |     1 |     6 |    16 |    18 |       ||    41
       Ration            |       |       |       |     4 |     1 ||     5
Armor: Scale mail        |    51 |    82 |    73 |    70 |    11 ||   287
       Skin              |       |       |    19 |       |    29 ||    48
       Ring mail         |       |       |    73 |    89 |       ||   162
       Troll leather arm |       |       |       |     9 |       ||     9
Dodge: Dodged            |   116 |   173 |   489 |   981 |    39 ||  1798
       Deflected         |       |       |       |     5 |     2 ||     7
Block: Shield            |    10 |       |       |       |       ||    10

Table legend:
 A = Non-vault XP
 B = Vault XP
 C = Vault XP percentage of total XP
 D = Non-vault monster count
 E = Vault monster count
 F = Vault count percentage of total count
                 A         B        C        D         E       F
            +---------+---------+-------+---------+---------+-------
      Total |   21022 |    7938 |  27.4 |     310 |      77 |  19.9
            +---------+---------+-------+---------+---------+-------
        D:1 |      66 |       1 |   1.5 |      33 |       1 |   2.9
        D:2 |     120 |       0 |   0.0 |      22 |       0 |   0.0
        D:3 |      89 |     547 |  86.0 |      14 |      10 |  41.7
        D:4 |     268 |     226 |  45.7 |      14 |       2 |  12.5
        D:5 |     289 |       0 |   0.0 |       9 |       0 |   0.0
        D:6 |    1199 |       0 |   0.0 |      13 |       0 |   0.0
        D:7 |    1454 |       0 |   0.0 |      49 |       0 |   0.0
        D:8 |    1755 |     196 |  10.0 |      32 |       1 |   3.0
        D:9 |    1410 |     660 |  31.9 |      19 |       5 |  20.8
       D:10 |    4485 |    3429 |  43.3 |      47 |      33 |  41.2
       D:11 |    2726 |     538 |  16.5 |      25 |       4 |  13.8
       D:12 |    4875 |    2341 |  32.4 |      25 |      21 |  45.7
       D:13 |    2286 |       0 |   0.0 |       8 |       0 |   0.0
            +---------+---------+-------+---------+---------+-------
